Map: Ultralove

Players

ShoWTimE

  • Race: Protoss Protoss
  • Spawn Location: 1:00

Classic - Winner!

  • Race: Protoss Protoss
  • Spawn Location: 7:00

Event: Esports World Cup 2025

VOD

Have the link to the VOD?

Description

Time

  • Played on: July 24, 2025, 6:48 a.m.
  • Length: 8:44

All games in this series

Show
View Real Time Build Order
Export as new Build Order

ShoWTimE Protoss 

Build Orders: Phoenix Opening 

Get SALT Encoding   

  12  0:00  Probe  
  13  0:12  Probe  
  14  0:17  Pylon  
  14  0:24  Probe  
  15  0:32  Probe  
  15  0:38  Gateway  
  15  0:40  Probe  
  16  0:48  Assimilator  
  17  0:51  Probe  
  18  1:03  Probe  
  19  1:11  Probe  
  19  1:15  Assimilator  
  19  1:16  Pylon  
  20  1:19  Probe  
  20  1:24  Cybernetics Core  
  21  1:29  Probe  
  22  1:35  Zealot  
  24  1:41  Probe  
  24  1:42  Pylon  
  25  1:53  Probe  
  26  2:02  Stargate  
  26  2:05  Adept  
  28  2:22  Nexus  
  28  2:28  Pylon  
  28  2:33  Probe  
  29  2:37  Phoenix  
  29  2:47  Probe  
  32  2:53  Shield Battery  
  32  2:58  Pylon  
  32  3:01  Phoenix  
  32  3:12  Probe  
  35  3:13  Warp Gate  
  35  3:22  Twilight Council  
  35  3:24  Probe  
  35  3:26  Phoenix  
  38  3:34  Probe  
  38  3:37  Probe  
  39  3:46  Probe  
  39  3:49  Probe  
  40  3:59  Probe, Shield Battery  
  40  4:01  Probe  
  42  4:11  Probe  
  42  4:12  Dark Shrine  
  42  4:15  Gateway  
  43  4:18  Probe  
  44  4:24  Gateway  
  44  4:25  Probe  
  44  4:30  Probe  
  42  4:37  Probe  
  42  4:40  Assimilator  
  42  4:43  Probe  
  43  4:46  Shield Battery  
  43  4:49  Probe  
  44  4:55  Probe  
  45  5:01  Probe  
  46  5:07  Probe  
  46  5:13  Probe  
  48  5:19  Probe  
  49  5:24  Dark Templar x2  
  49  5:26  Probe  
  54  5:31  Probe  
  55  5:37  Stalker  
  55  5:38  Probe  
  54  5:50  Probe  
  54  5:56  Dark Templar x2  
  57  5:57  Probe  
  57  6:02  Probe  
  57  6:09  Probe  
  56  6:11  Pylon  
  56  6:29  Probe x2  
  56  6:31  Dark Templar x2  
  57  6:41  Probe  
  50  7:04  Pylon  
  50  7:08  Stalker x2  
  34  7:23  Pylon, Robotics Facility  
  29  7:36  Stalker x2  
  27  8:23  Observer  
Show
View Real Time Build Order
Export as new Build Order

Classic Protoss - Winner!

Build Orders: Oracle Opening, Blink Stalkers 

Get SALT Encoding   

  12  0:00  Probe  
  13  0:12  Probe  
  14  0:18  Pylon  
  14  0:24  Probe  
  15  0:32  Probe  
  15  0:39  Gateway  
  15  0:40  Probe  
  16  0:47  Assimilator  
  17  0:51  Probe  
  18  1:01  Probe  
  19  1:10  Probe  
  19  1:13  Assimilator  
  19  1:14  Pylon  
  19  1:18  Probe  
  21  1:26  Cybernetics Core  
  21  1:29  Probe  
  22  1:34  Zealot  
  24  1:41  Probe  
  25  1:53  Probe  
  26  2:04  Stargate, Adept  
  28  2:27  Nexus  
  28  2:31  Pylon  
  28  2:33  Probe  
  29  2:39  Oracle  
  31  2:51  Warp Gate  
  31  2:52  Probe  
  31  2:56  Stalker  
  32  3:04  Probe  
  35  3:12  Twilight Council  
  35  3:16  Probe  
  36  3:25  Gateway  
  36  3:29  Probe  
  36  3:32  Blink  
  37  3:36  Gateway  
  37  3:41  Probe x2  
  39  3:51  Probe  
  39  3:53  Probe  
  41  3:58  Sentry  
  41  3:59  Probe  
  43  4:08  Probe  
  43  4:09  Shield Battery  
  42  4:10  Probe  
  42  4:15  Pylon  
  44  4:19  Probe  
  44  4:22  Probe  
  46  4:25  Pylon  
  46  4:32  Probe  
  46  4:34  Probe  
  46  4:37  Dark Shrine  
  46  4:38  Gateway  
  45  4:41  Stalker  
  45  4:42  Stalker  
  49  4:45  Assimilator  
  49  4:49  Stalker  
  49  4:51  Probe  
  51  4:53  Probe  
  49  5:03  Probe  
  49  5:05  Probe  
  51  5:11  Stalker x2  
  55  5:15  Probe  
  55  5:17  Probe, Stalker  
  59  5:30  Gateway  
  59  5:34  Robotics Facility  
  59  6:01  Dark Templar  
  54  6:08  Dark Templar  
  51  6:12  Pylon  
  51  6:13  Pylon  
  51  6:14  Observer, Pylon  
  51  6:15  Gateway  
  49  6:20  Pylon  
  48  6:30  Dark Templar  
  43  6:39  Probe x2  
  35  6:50  Probe x2  
  35  6:51  Pylon  
  30  6:58  Probe x2  
  27  7:06  Probe x2  
  28  7:09  Stalker  
  28  7:10  Stalker x2  
  36  7:18  Probe x2  
  37  7:30  Probe x2  
  37  7:32  Dark Templar  
  41  7:42  Probe x2  
  43  7:54  Probe x2  
  43  7:57  Stalker  
  47  8:07  Stalker  
  47  8:20  Dark Templar  
  47  8:25  Stalker  
Tags
 
Add a new tag
Caveats
  • Supply blocks, unpowered buildings, or Contaminate may cause inaccurate times.
  • Supply counts are checked every 10 seconds.